Cogmind - Beta 16 --- EXPLORER MODE // 2025.12.09 @ 11:29:39 Player: K.K.Y. Result: Core destroyed Performance ------------- Evolutions (4) 2000 Regions Visited (8) 1600 Robots Destroyed (121) 605 Value Destroyed (4452) 4452 Prototype IDs (25) 500 Alien Tech Used (0) 0 Bonus (70) 70 TOTAL SCORE: 9227 Bonus ------- Follower Combat Kills 70 Cogmind --------- Core Integrity 0/850 Matter 115/300 Energy 20/290 System Corruption 12% Temperature Critical (558) Movement Flying (250) Ox3 Location -6/Factory Parts ------- > --- POWER (2) -------- Improved Deuterium Engine > --- PROPULSION (5) --- Cesium-ion Thruster Biomechanical Wings > --- UTILITY (7) ------ Advanced Terrain Scanner Advanced Terrain Scan Processor Layered Medium Armor Plating Improved Shield Generator Hacking Suite Improved System Shield Authchip [R/NC] > --- WEAPON (2) ------- Cooled Plasma Cannon Compact Ion Cannon > --- INVENTORY (5) ---- Micro Nuclear Core Light Fission Core Huge Storage Unit High-powered Shock Rifle Mining Laser Peak State ------------ > --- POWER ------------ Fission Core Light Fission Core > --- PROPULSION ------- Cesium-ion Thruster Cesium-ion Thruster Cooled VTOL Module Nuclear Pulse Thruster Biomechanical Wings > --- UTILITY ---------- Enhanced Optical Array Advanced Terrain Scanner Layered Medium Armor Plating Hacking Suite Improved System Shield Authchip [R/NC] > --- WEAPON ----------- Cooled Plasma Cannon Compact Ion Cannon > --- INVENTORY -------- Improved Shield Generator High-powered Shock Rifle Heavy Flak Cannon Mining Laser [Rating: 72] Favorites ----------- Power Makeshift Power Source Engine Makeshift Power Source Power Core Light Fission Core Reactor Cold Fusion Reactor Propulsion Medium Treads Treads Medium Treads Leg Carbon-fiber Leg Wheel Wheel Hover Unit Cooled Airjet Flight Unit Flight Unit Utility Hacking Suite Device Structural Scanner Storage High-capacity Storage Unit Processor Enhanced Optical Array Hackware Hacking Suite Protection Layered Medium Armor Plating Weapon Battle Cannon Energy Gun Small Laser Energy Cannon Compact Ion Cannon Ballistic Gun Barrage Gun Ballistic Cannon Battle Cannon Special Weapon Mining Laser Impact Weapon Shock Maul Build | -11 -10 -10 -10 -9 -9 -6 -6 -6 ------- Run | Yrd Mat Min Sub Rec Scr Fac Was Fac Slots Evolved 9 | . 1 . . . . 8 . . Power 1 | . . . . . . 1 . . Propulsion 3 | . 1 . . . . 2 . . Utility 5 | . . . . . . 5 . . Weapon . | . . . . . . . . . Parts Attached 111 | 7 11 1 9 6 . 60 . 17 Power 11 | 1 . . 1 . . 7 . 2 Engine 7 | 1 . . 1 . . 4 . 1 Core 3 | . . . . . . 2 . 1 Reactor 1 | . . . . . . 1 . . Propulsion 44 | 2 8 . 4 3 . 21 . 6 Treads 16 | . . . 3 3 . 10 . . Leg 5 | . 3 . . . . 2 . . Wheel 3 | 2 1 . . . . . . . Hover 6 | . 1 . . . . 5 . . Flight 14 | . 3 . 1 . . 4 . 6 Utility 30 | 2 1 . . 3 . 17 . 7 Device 11 | 1 . . . 2 . 6 . 2 Storage 3 | . 1 . . 1 . . . 1 Processor 8 | 1 . . . . . 6 . 1 Hackware 6 | . . . . . . 4 . 2 Protection 2 | . . . . . . 1 . 1 Artifact . | . . . . . . . . . Weapon 26 | 2 2 1 4 . . 15 . 2 Energy Gun 6 | 2 2 . . . . 2 . . Energy Cannon 3 | . . . . . . 2 . 1 Ballistic Gun 4 | . . . 2 . . 2 . . Ballistic Cannon 11 | . . . 2 . . 8 . 1 Launcher . | . . . . . . . . . Special Weapon 1 | . . 1 . . . . . . Impact Weapon 1 | . . . . . . 1 . . Slashing Weapon . | . . . . . . . . . Piercing Weapon . | . . . . . . . . . Special Melee Weapon . | . . . . . . . . . Unidentified Prototypes 11 | . . . . . . 11 . . Parts Lost 32 | . . . 5 . . 21 3 3 Power 4 | . . . . . . 4 . . Propulsion 14 | . . . 3 . . 7 2 2 Utility 9 | . . . 1 . . 6 1 1 Weapon 5 | . . . 1 . . 4 . . Highest Loss Streak 7 | . . . 4 . . 7 3 1 To Critical Strikes 1 | . . . . . . . 1 . Average Backups 12 | 2 2 4 6 8 15 19 13 4 Power . | . . . . . . . . 1 Propulsion 1 | . . 1 . . . 4 1 . Utility 4 | . . 1 1 2 8 7 5 . Weapon 5 | 1 2 2 4 5 5 6 5 2 Tool/Special . | . . . . . . . . . Unused Backups 26 | . 1 . 1 3 . 6 12 3 Power 2 | . . . . . . . . 2 Propulsion 1 | . 1 . . . . . . . Utility 5 | . . . . . . . 5 . Weapon 15 | . . . 1 2 . 5 6 1 Tool/Special 3 | . . . . 1 . 1 1 . Average Slot Usage (%) 87 | . 79 100 82 91 100 88 66 77 Engine 9 | . 11 12 12 12 12 6 3 3 Reactor 1 | . . . . . . 2 . . Treads 21 | . . . 28 37 37 19 10 . Hover 1 | . . . . . . 3 . . Flight 4 | . 15 37 3 . . . 2 19 Device 8 | . 12 12 1 4 12 11 6 8 Storage 8 | . . 12 12 12 12 6 3 . Processor 6 | . 11 . . . . 13 12 4 Hackware 4 | . . . . . . 8 12 19 Energy Gun 2 | . 18 24 1 . . . 4 . Ballistic Gun 4 | . . . 4 12 12 3 . . Ballistic Cannon 8 | . . . 15 12 12 5 . 1 Peak Build Rating 72 | 6 8 8 18 21 24 70 67 72 Average Rating 35 | 3 6 8 14 18 22 60 50 58 On Entrance 19 | . 6 8 8 17 21 24 67 27 Avg Prop Armor Cover (%) 8 | . . . . . . 8 . . Naked Turns . | . . . . . . . . . Heaviest Build 88 | 6 11 11 19 51 50 88 72 41 Greatest Support 153 | 20 30 12 60 75 75 153 84 28 Greatest Overweight (x) 12 | . 1 . 3 . . 3 4 12 Average Overweight (x) . | . . . . . . . . . Largest Inventory Capacity 25 | 5 8 8 8 20 20 20 20 25 Average Capacity 13 | 5 5 8 8 12 20 20 13 5 Most Carried 20 | 5 5 4 8 13 20 20 20 5 Average Carried 12 | 2 2 4 6 8 15 19 13 4 Final Capacity 20 | 5 8 8 8 20 20 20 5 5 Final Carried 20 | 3 4 4 7 13 20 20 5 5 Class Distribution -------------------- 54% | Hacker-Mutant 21% | Commander-Mutant 19% | Derelict-Mutant 3% | Hacker-Assassin Dominant Class ---------------- Hacker-Mutant | -10/Materials Hacker-Mutant | -10/Mines Derelict-Mutant | -10/Subcaves Commander-Mutant | -9/Recycling Commander-Mutant | -9/Scraptown Hacker-Mutant | -6/Factory Hacker-Mutant | -6/Waste Hacker-Mutant | -6/Factory Resources | -11 -10 -10 -10 -9 -9 -6 -6 -6 ----------- Run | Yrd Mat Min Sub Rec Scr Fac Was Fac Matter Collected 3799 | 270 210 10 665 104 10 2204 80 246 Remotely . | . . . . . . . . . Salvage Created 4334 | 198 336 . 396 200 . 2995 . 209 Parts 202 | 13 24 . 15 8 . 124 . 18 Haulers Intercepted 7 | . 2 . . . . 5 . . Recyclers Shooed 2 | 1 . . . . . 1 . . Parts Field Recycled . | . . . . . . . . . Retrieved Matter . | . . . . . . . . . Parts Self-Destructed . | . . . . . . . . . Prevented . | . . . . . . . . . Parts Restored . | . . . . . . . . . Kills | -11 -10 -10 -10 -9 -9 -6 -6 -6 ------- Run | Yrd Mat Min Sub Rec Scr Fac Was Fac Combat Hostiles Destroyed 89 | . 6 . 17 4 . 58 . 4 Melee 2 | . . . . . . 2 . . Guns 28 | . 6 . 5 2 . 15 . . Cannons 52 | . . . 12 2 . 34 . 4 AOE 2 | . . . . . . 2 . . Classes Destroyed 13 | 2 5 . 3 2 . 1 . . Worker 2 | . . . . . . 2 . . Builder 3 | . 1 . . . . 2 . . Tunneler 6 | 5 . . . . . 1 . . Hauler 7 | . 2 . . . . 5 . . Recycler 6 | 1 . . . . . 5 . . Turret 2 | . . . 2 . . . . . Watcher 6 | . 2 . . . . 4 . . Swarmer 24 | . 4 . 3 . . 17 . . Grunt 23 | . 2 . . . . 21 . . Sentry 11 | . . . 1 2 . 6 . 2 Hunter 6 | . . . . 1 . 5 . . Programmer 12 | . . . . 1 . 9 . 2 Subdweller 13 | . . . 13 . . . . . Best Kill Streak 6 | 4 6 . 5 2 . 5 . 1 Combat Bots Only 4 | . 2 . 3 2 . 4 . 1 Max Kills in Single Turn 3 | 1 1 . 1 1 . 3 . 1 Gunslinging . | . . . . . . . . . Exploded 1 | . . . . . . 1 . . Melee 1 | . . . . . . 1 . . Uniques/NPCs Destroyed . | . . . . . . . . . Combat | -11 -10 -10 -10 -9 -9 -6 -6 -6 -------- Run | Yrd Mat Min Sub Rec Scr Fac Was Fac Hostile Shots Fired 853 | . 36 . 123 2 . 589 2 101 Missed 277 | . 15 . 41 . . 189 . 32 Hits 576 | . 21 . 82 2 . 400 2 69 Melee 2 | . . . . . . . 2 . Projectile 574 | . 21 . 82 2 . 400 . 69 AOE 4 | . . . 2 . . 2 . . Critical Strikes 16 | . . . 2 1 . 8 1 4 Part Disruptions 1 | . . . . . . 1 . . Damage Taken 6046 | 30 126 . 933 18 . 4068 76 795 Core 1125 | 11 38 . 108 . . 729 . 239 Absorbed by Shields 59 | . . . . . . . . 59 Ignored by Resistances 3509 | 18 84 . 447 11 . 2482 41 426 Regen/Repaired (Parts) 201 | . 51 . . . . 150 . . Core Remaining (%) 66 | 95 . . . . 37 . . . Volleys Fired 349 | 14 32 2 63 6 . 204 . 28 Largest 2 | 1 2 2 2 2 . 2 . 2 Hottest 140 | 40 80 140 140 61 . 88 . 125 Shots Fired 593 | 14 44 4 126 12 . 346 . 47 Gun 252 | 14 44 2 52 6 . 134 . . Cannon 336 | . . . 71 6 . 212 . 47 Launcher . | . . . . . . . . . Special 5 | . . 2 3 . . . . . Kinetic 451 | . . . 107 12 . 331 . 1 Thermal 113 | . 29 4 19 . . 15 . 46 Explosive . | . . . . . . . . . Electromagnetic 29 | 14 15 . . . . . . . Robot Hit Streak 57 | 9 16 . 36 14 . 57 . 10 Robot Miss Streak 4 | 1 1 . 1 . . 4 . 2 Penetration Max . | . . . . . . . . . Secondary Targets 1 | . 1 . . . . . . . Max Gunslinging Chain 1 | . 1 . . . . . . . Shots Hit Robots 491 | 13 35 . 87 10 . 316 . 30 Core Hits 262 | 7 17 . 31 5 . 195 . 7 Critical Kills 2 | . . . . . . 2 . . Critical Parts Destroyed 8 | . . . . . . 8 . . Critical Strikes 23 | 2 1 . 3 . . 17 . . Burn 1 | . . . . . . 1 . . Destroy 5 | . . . 2 . . 3 . . Blast 7 | . . . 1 . . 6 . . Corrupt 3 | 2 1 . . . . . . . Smash 7 | . . . . . . 7 . . Melee Attacks 12 | . . . . . . 12 . . Impact 12 | . . . . . . 12 . . Slashing . | . . . . . . . . . Piercing . | . . . . . . . . . Sneak Attacks 1 | . . . . . . 1 . . Combat Hostiles . | . . . . . . . . . Follow-up Attacks . | . . . . . . . . . Damage Inflicted 12283 | 262 415 . 1809 172 . 8684 . 941 Guns 3696 | 175 415 . 572 96 . 2438 . . Cannons 7325 | . . . 1237 76 . 5071 . 941 Explosions 589 | 87 . . . . . 502 . . Melee 673 | . . . . . . 673 . . Ramming . | . . . . . . . . . Kinetic 9030 | . . . 1667 172 . 7191 . . Thermal 2222 | 87 232 . 142 . . 820 . 941 Explosive . | . . . . . . . . . Electromagnetic 358 | 175 183 . . . . . . . Impact 673 | . . . . . . 673 . . Slashing . | . . . . . . . . . Piercing . | . . . . . . . . . Highest Corruption 12 | . . . . . . 6 12 12 Average Corruption 4 | . . . . . . 2 7 12 Corruption Purged 6 | . . . . . . 6 . . Corruption Blocked . | . . . . . . . . . Effects 94 | . . . . . . 46 10 38 Message Errors 25 | . . . . . . 14 4 7 Matter Fused 24 | . . . . . . 13 3 8 Heat Flow Errors 11 | . . . . . . 6 . 5 Energy Discharges 7 | . . . . . . 3 . 4 Parts Rejected 2 | . . . . . . . 2 . Data Loss (minor) 12 | . . . . . . 6 1 5 Data Loss (major) 6 | . . . . . . . . 6 Misfires 5 | . . . . . . 3 . 2 Weapon Failures 2 | . . . . . . 1 . 1 Overload Shots . | . . . . . . . . . Overflow Damage 523 | . . . . . . 523 . . Projectiles 99 | . . . . . . 99 . . Explosions 14 | . . . . . . 14 . . Melee 410 | . . . . . . 410 . . Knockbacks 76 | . . . 18 . . 58 . . Impact 2 | . . . . . . 2 . . Kinetic 70 | . . . 18 . . 52 . . Secondary 4 | . . . . . . 4 . . Self-Inflicted Damage 182 | 30 . . . . . 152 . . Shots 5 | 2 . . . . . 3 . . Rammed . | . . . . . . . . . Targets Rammed . | . . . . . . . . . Kicked . | . . . . . . . . . Crushed . | . . . . . . . . . Highest Temperature 600 | 27 153 113 14 72 . 285 . 600 Average Temperature 84 | 14 49 65 4 27 . 48 . 189 Received Heat Transfer 2133 | . 51 . 243 27 . 1591 . 221 Effects 13 | . . . . . . 1 . 12 Shutdowns 5 | . . . . . . . . 5 Energy Bleed 1 | . . . . . . . . 1 Interference 1 | . . . . . . 1 . . Matter Decay 1 | . . . . . . . . 1 Short Circuit 1 | . . . . . . . . 1 Damage (major) 3 | . . . . . . . . 3 Damage (core) 1 | . . . . . . . . 1 Siege Activations . | . . . . . . . . . Martial Activations . | . . . . . . . . . Shielding Activations . | . . . . . . . . . Robots Disrupted . | . . . . . . . . . Combat Hostiles . | . . . . . . . . . Robots Corrupted 6 | . . . . . . 6 . . Combat Hostiles 5 | . . . . . . 5 . . Parts Fried 3 | . . . . . . 3 . . Impact Corruptions 12 | . . . . . . 12 . . Robots Melted . | . . . . . . . . . Combat Hostiles . | . . . . . . . . . Parts Melted 2 | 1 . . . . . 1 . . Heat Transferred 3330 | 100 610 . 325 . . 992 . 1303 Parts Sabotaged . | . . . . . . . . . Parts Stolen . | . . . . . . . . . Parts Stripped . | . . . . . . . . . Power Chain Reactions 2 | 2 . . . . . . . . Alert | -11 -10 -10 -10 -9 -9 -6 -6 -6 ------- Run | Yrd Mat Min Sub Rec Scr Fac Was Fac Maximum Alert Level . | . . . . . . . . . Low Security (%) 100 | 100 100 100 . 100 . 100 100 100 Level 1 . | . . . . . . . . . Level 2 . | . . . . . . . . . Level 3 . | . . . . . . . . . Level 4 . | . . . . . . . . . Level 5 . | . . . . . . . . . High Security . | . . . . . . . . . Max Security . | . . . . . . . . . Peak Influence 132 | 10 65 . . 25 . 132 . 45 Initial . | . . . . . . . . . Average 10 | 2 8 . . 1 . 15 . 4 Influence Increases 2629 | 30 204 . 180 116 . 1888 . 211 Destroy 0b10 Robot/C 1600 | . 120 . 120 100 . 1180 . 80 Destroy 0b10 Robot/NC 145 | 30 25 . . . . 90 . . Destroy Leader 416 | . 38 . . . . 338 . 40 Allied During Kill 4 | . . . . 3 . 1 . . Successful Hack 124 | . 6 . . 13 . 53 . 52 Disable Machine 68 | . . . . . . 68 . . Destroy Structure 122 | . . . . . . 113 . 9 Partial Spotted 15 | . . . . . . . . 15 Lose Combat Pursuer 135 | . 15 . 60 . . 45 . 15 Influence Decreases 2629 | 30 204 . 180 116 . 1888 . 211 Time Decay 2543 | 30 204 . 180 116 . 1803 . 210 Lost Part 70 | . . . . . . 69 . 1 Lost Ally 16 | . . . . . . 16 . . Squads Dispatched 23 | . . . . . . 20 . 3 Investigation 6 | . . . . . . 6 . . Extermination 12 | . . . . . . 10 . 2 Reinforcement 3 | . . . . . . 3 . . Assault 1 | . . . . . . . . 1 Garrison 1 | . . . . . . 1 . . Intercept . | . . . . . . . . . Searches Triggered . | . . . . . . . . . Construction Impeded 1 | . . . . . . 1 . . Haulers Reinforced 1 | . . . . . . 1 . . Active Scanning Responses . | . . . . . . . . . Cargo Convoy Interrupts . | . . . . . . . . . Stealth | -11 -10 -10 -10 -9 -9 -6 -6 -6 --------- Run | Yrd Mat Min Sub Rec Scr Fac Was Fac Distress Signals 2 | . . . . . . 2 . . Communications Jammed . | . . . . . . . . . Distress Signals . | . . . . . . . . . Times Spotted 125 | . 11 . 21 2 . 75 6 10 Peak Tracking Total 6 | . 3 . 6 1 . 5 6 3 Tactical Retreats 8 | . 1 . 3 . . 3 . 1 Traps | -11 -10 -10 -10 -9 -9 -6 -6 -6 ------- Run | Yrd Mat Min Sub Rec Scr Fac Was Fac Traps Triggered 12 | . 3 . 5 . . 3 . 1 Indirectly . | . . . . . . . . . Trap Hack Attempts . | . . . . . . . . . Triggered . | . . . . . . . . . Disarmed . | . . . . . . . . . Reprogrammed . | . . . . . . . . . Reused . | . . . . . . . . . Traps Extracted . | . . . . . . . . . Installed . | . . . . . . . . . Triggered . | . . . . . . . . . Machines | -11 -10 -10 -10 -9 -9 -6 -6 -6 ---------- Run | Yrd Mat Min Sub Rec Scr Fac Was Fac Machines Disabled 19 | . . . 2 . . 17 . . Max in Single Turn 7 | . . . 1 . . 7 . . Garrison Access 2 | . . . . . . 1 . 1 Machines Repaired . | . . . . . . . . . Machines Dismantled . | . . . . . . . . . Machines Sabotaged . | . . . . . . . . . Overloaded Fab Kills . | . . . . . . . . . Hacking | -11 -10 -10 -10 -9 -9 -6 -6 -6 --------- Run | Yrd Mat Min Sub Rec Scr Fac Was Fac Machines Accessed 36 | . 2 . 2 7 . 18 . 7 Terminals 17 | . 1 . . 4 . 7 . 5 Fabricators 2 | . . . . . . 1 . 1 Repair Stations 3 | . 1 . . . . 2 . . Recycling Units 8 | . . . . 3 . 5 . . Scanalyzers 3 | . . . . . . 2 . 1 Garrison Access 1 | . . . . . . 1 . . Total Hacks 101 | . 10 . 4 14 . 57 . 16 Successful 85 | . 9 . 4 12 . 48 . 12 Failed 16 | . 1 . . 2 . 9 . 4 Catastrophic 1 | . . . . 1 . . . . Database Lockouts . | . . . . . . . . . Manual 30 | . 2 . . 8 . 12 . 8 Terminals 36 | . 3 . . 7 . 16 . 10 Fabricators 7 | . . . . . . 4 . 3 Repair Stations 12 | . 7 . . . . 5 . . Recycling Units 17 | . . . . 7 . 10 . . Scanalyzers 24 | . . . . . . 21 . 3 Garrison Access 1 | . . . . . . 1 . . Terminal Hacks 15 | . 1 . 4 2 . 5 . 3 Record 3 | . . . 3 . . . . . Part Schematic 5 | . . . . 1 . 3 . 1 Robot Schematic 2 | . . . . . . . . 2 Robot Analysis 2 | . . . . . . 2 . . Prototype ID Bank 1 | . 1 . . . . . . . Zone Layout 1 | . . . . 1 . . . . Proto ID Catalog 1 | . . . 1 . . . . . Fabricator Hacks 2 | . . . . . . 2 . . Load Schematic 1 | . . . . . . 1 . . Build 1 | . . . . . . 1 . . Repair Station Hacks 11 | . 7 . . . . 4 . . Scan Component 5 | . 3 . . . . 2 . . Repair 5 | . 3 . . . . 2 . . Refit 1 | . 1 . . . . . . . Recycling Unit Hacks 8 | . . . . 3 . 5 . . Retrieve Matter 1 | . . . . . . 1 . . Retrieve Components 7 | . . . . 3 . 4 . . Scanalyzer 24 | . . . . . . 21 . 3 Insert Component 5 | . . . . . . 4 . 1 Analyze 6 | . . . . . . 5 . 1 Retrieve Study 13 | . . . . . . 12 . 1 Garrison Access Hacks 1 | . . . . . . 1 . . Seal Access 1 | . . . . . . 1 . . Unauthorized Hacks 24 | . 1 . . 7 . 10 . 6 Terminals 16 | . 1 . . 4 . 6 . 5 Botnet 16 | . 1 . . 4 . 6 . 5 Fabricators 2 | . . . . . . 1 . 1 Fabnet 2 | . . . . . . 1 . 1 Repair Stations . | . . . . . . . . . Recycling Units 6 | . . . . 3 . 3 . . Reject 6 | . . . . 3 . 3 . . Scanalyzers . | . . . . . . . . . Garrison Access . | . . . . . . . . . Data Cores Recovered . | . . . . . . . . . Used . | . . . . . . . . . Hacking Detections 26 | . 2 . . 2 . 15 . 7 Full Trace Events 7 | . 1 . . . . 6 . . Feedback Events . | . . . . . . . . . Feedback Blocked . | . . . . . . . . . Robot Schematics Acquired 2 | . . . . . . . . 2 Robots Built . | . . . . . . . . . Authchips . | . . . . . . . . . Time . | . . . . . . . . . Total Robot Build Rating . | . . . . . . . . . Part Schematics Acquired 10 | . . . . 1 . 7 . 2 Parts Built 2 | . . . . . . 2 . . Authchips . | . . . . . . . . . Time 42 | . . . . . . 42 . . Total Part Build Rating 8 | . . . . . . 8 . . Part Studies Acquired 13 | . . . . . . 12 . 1 Parts Repaired 5 | . 3 . . . . 2 . . Time 126 | . 88 . . . . 38 . . Parts Recycled . | . . . . . . . . . Recycled Matter . | . . . . . . . . . Retrieved Matter 359 | . . . . . . 359 . . Retrieved Components 33 | . . . . 3 . 30 . . Parts Scanalyzed 5 | . . . . . . 4 . 1 Part Schematics Acquired 5 | . . . . . . 4 . 1 Parts Damaged . | . . . . . . . . . Bothacking | -11 -10 -10 -10 -9 -9 -6 -6 -6 ------------ Run | Yrd Mat Min Sub Rec Scr Fac Was Fac Used RIF Installer . | . . . . . . . . . Robots Hacked . | . . . . . . . . . Non-combat . | . . . . . . . . . Combat . | . . . . . . . . . Robot Hacks Applied . | . . . . . . . . . Relay Couplers Released 2 | . . . . . . . . 2 Machine Destruction 2 | . . . . . . . . 2 Fabnet Peak Effective % . | . . . . . . . . . Robots Rewired 8 | . . . . 8 . . . . Allies Hacked . | . . . . . . . . . Hacks Repelled . | . . . . . . . . . Allies | -11 -10 -10 -10 -9 -9 -6 -6 -6 -------- Run | Yrd Mat Min Sub Rec Scr Fac Was Fac Total Allies 8 | . . . . 8 . . . . Largest Group 8 | . . . . 8 8 8 . . Highest-Rated Group 77 | . . . . 77 77 77 . . Highest-Rated Ally 15 | . . . . 15 15 15 . . Total Orders . | . . . . . . . . . Ally Attacks 7 | . . . . 1 . 6 . . Total Damage 128 | . . . . 29 . 99 . . Kills 2 | . . . . 1 . 1 . . Allies Corrupted . | . . . . . . . . . Allies Melted . | . . . . . . . . . Intel | -11 -10 -10 -10 -9 -9 -6 -6 -6 ------- Run | Yrd Mat Min Sub Rec Scr Fac Was Fac Active Infowar (turns) 7838 | 93 705 705 327 24 . 4867 272 845 Optics 5336 | . . . . . . 4633 272 431 Sensors 232 | . . . . . . 232 . . Terrain 778 | . . . . . . . . 778 Structural 5252 | 93 705 705 327 24 . 3398 . . Machine Analysis 3766 | . . . . . . 3766 . . Triangulation 943 | . . . . . . 792 151 . Robot Analysis Total 2 | . . . . . . 2 . . Derelict Logs Recovered 3 | . . 1 2 . . . . . Drone Launches . | . . . . . . . . . Drone Recoveries . | . . . . . . . . . Exploration | -11 -10 -10 -10 -9 -9 -6 -6 -6 ------------- Run | Yrd Mat Min Sub Rec Scr Fac Was Fac Turns Passed 14115 | 113 705 705 3644 1432 1060 5340 272 844 Spaces Moved 9084 | 91 844 521 2589 815 648 2584 188 804 Core 65 | 39 21 . . . . . 2 3 Treads 5429 | . . . 1871 815 648 2002 93 . Legs 109 | . 23 . . . . 86 . . Wheels 129 | 52 77 . . . . . . . Hover 496 | . . . . . . 496 . . Flight 2856 | . 723 521 718 . . . 93 801 Fastest Speed 25 | 50 34 34 34 160 160 115 100 25 Average Speed 127 | 67 55 34 129 160 160 161 144 87 Slowest Speed 650 | 80 120 34 280 160 160 330 250 650 Overloaded Moves . | . . . . . . . . . Propulsion Burnouts . | . . . . . . . . . Robots Hopped 10 | . 1 9 . . . . . . Potential Cave-ins . | . . . . . . . . . Cave-ins Triggered . | . . . . . . . . . Exploration Rate (%) 66 | 3 87 98 92 99 55 58 86 19 Regions Visited 8 Branch Regions 4 Pre-discovered Areas 1 | . . . 1 . . . . . Known Exits Taken 6 | 1 1 1 1 1 1 . . . Unknown Exits Taken . | . . . . . . . . . Scrap Searched 22 | . . 1 19 . 2 . . . Spaces Dug 3 | . . . . . . . . 3 Terrain Destroyed 143 | 4 . . 3 . . 127 . 9 Melee . | . . . . . . . . . Projectile 17 | . . . 3 . . 5 . 9 AOE 126 | 4 . . . . . 122 . . Terrain Rammed . | . . . . . . . . . Walls Destroyed . | . . . . . . . . . Machines Disabled . | . . . . . . . . . Actions | -11 -10 -10 -10 -9 -9 -6 -6 -6 --------- Run | Yrd Mat Min Sub Rec Scr Fac Was Fac Total 11073 | 129 1046 1030 2749 934 671 3425 189 900 Wait 1234 | 8 104 516 63 51 17 460 . 15 Move 9058 | 90 841 503 2588 814 647 2584 187 804 Hop 9 | . 1 8 . . . . . . Pick Up 114 | 9 24 . 12 11 7 37 . 14 Fast Attach 38 | . 3 . . 1 . 23 1 10 Attach 78 | 7 19 . 8 . . 29 . 15 Detach 28 | 1 6 . 4 . . 13 . 4 Swap 35 | . . 1 6 5 . 23 . . Drop 79 | . 16 . 5 7 . 40 1 10 Fire 349 | 14 32 2 63 6 . 204 . 28 Melee 12 | . . . . . . 12 . . Ram . | . . . . . . . . . Kick . | . . . . . . . . . Crush . | . . . . . . . . . Escape Stasis . | . . . . . . . . . Rewire 39 | . . . . 39 . . . . Trap . | . . . . . . . . . Miscellaneous . | . . . . . . . . . Route ------- -11/Scrapyard -10/Materials (discovered 5 exits: *Mat x2 / *Min x2 / Sub) -10/Mines (discovered 3 exits: *Mat x2 / *Sub) -10/Subcaves (discovered 3 exits: *Mat x2 / *Rec) -9/Recycling (discovered 2 exits: *Fac / *Scr) -9/Scraptown -6/Factory (discovered 3 exits: *Fac / *Low x2) -6/Waste -6/Factory (discovered 1 exit: *Fac) History --------- Turn | Location | Event 9 | -11/Scrapyard | Identified exit to Materials 9 | -11/Scrapyard | Discovered exit to Materials (range 15) 114 | -11/Scrapyard | Entered Materials 114 | -10/Materials | Evolved 1 slot: Propulsion x1 289 | -10/Materials | Identified exit to Mines 289 | -10/Materials | Discovered exit to Mines (range 8) 301 | -10/Materials | Build established: Hacker-Mutant 347 | -10/Materials | Repaired Flight Unit 374 | -10/Materials | Repaired EM Pulse Gun 403 | -10/Materials | Identified exit to Materials 403 | -10/Materials | Discovered exit to Materials (range 12) 537 | -10/Materials | Discovered exit to Materials (range 13) 664 | -10/Materials | Repaired Corrupted Flight Unit 802 | -10/Materials | Discovered exit to Mines (range 9) 809 | -10/Materials | Identified exit to Subcaves 809 | -10/Materials | Discovered exit to Subcaves (range 8) 819 | -10/Materials | Entered Mines 885 | -10/Mines | Discovered exit to Materials (range 4) 891 | -10/Mines | Discovered exit to Materials (range 10) 936 | -10/Mines | Learned Materials emergency access door positions 937 | -10/Mines | Discovered exit to Subcaves (range 16) 1524 | -10/Mines | Entered Subcaves 1525 | -10/Subcaves | Approached by a straggling Scientist 1560 | -10/Subcaves | Learned 4 Materials zone layouts 1566 | -10/Subcaves | Visited Clippyterm 1567 | -10/Subcaves | Learned Research security intel 1602 | -10/Subcaves | Shifting Twisted Machinery released Mak. Leg 1605 | -10/Subcaves | Shifting Twisted Machinery released Mak. Axe 1675 | -10/Subcaves | Identified exit to Materials 1675 | -10/Subcaves | Discovered exit to Materials (range 9) 1888 | -10/Subcaves | Lost 4 parts (3n1u) 1944 | -10/Subcaves | Shifting Twisted Machinery released Mak. Power Source 2535 | -10/Subcaves | Learned 4 Materials zone layouts 2716 | -10/Subcaves | Visited 4L-MR0's lab 2780 | -10/Subcaves | Build established: Derelict-Mutant 3236 | -10/Subcaves | Discovered exit to Materials (range 9) 3268 | -10/Subcaves | Ambushed by Subdweller buried in earth 3827 | -10/Subcaves | Learned location of Zion (-6) 3827 | -10/Subcaves | Met a Zionite searching for "candidates" 4093 | -10/Subcaves | Core integrity fell below 50% 4279 | -10/Subcaves | Identified exit to Recycling 4279 | -10/Subcaves | Discovered exit to Recycling (range 10) 5168 | -10/Subcaves | Entered Recycling 5447 | -9/Recycling | Identified exit to Factory 5447 | -9/Recycling | Discovered exit to Factory (range 4) 5532 | -9/Recycling | Build established: Commander-Mutant 6509 | -9/Recycling | Scanned before Scraplab entrance 6533 | -9/Recycling | Entered Scraplab 6546 | -9/Recycling | Identified exit to Scraptown 6546 | -9/Recycling | Discovered exit to Scraptown (range 2) 6600 | -9/Recycling | Entered Scraptown 6600 | -9/Scraptown | Accompanied by 8 allies 6866 | -9/Scraptown | Identified exit to Factory 6866 | -9/Scraptown | Discovered exit to Factory (range 11) 6990 | -9/Scraptown | Visited SPCMW 7046 | -9/Scraptown | Visited Cyclists 7070 | -9/Scraptown | Visited IN-MT5's Study 7154 | -9/Scraptown | Visited Symbiants 7180 | -9/Scraptown | Visited Assassins FH 7199 | -9/Scraptown | Visited Fellowship of the Rings 7660 | -9/Scraptown | Entered Factory 7660 | -6/Factory | Accompanied by 8 allies 7660 | -6/Factory | Evolved 8 slots: Power x1, Propulsion x2, Utility x5 7874 | -6/Factory | Lost 3 allies 8186 | -6/Factory | Repaired Weight Redist. System 8474 | -6/Factory | Identified exit to Lower Caves 8474 | -6/Factory | Discovered exit to Lower Caves (range 8) 8663 | -6/Factory | Build established: Hacker-Mutant 9433 | -6/Factory | Repaired Med. Treads 10012 | -6/Factory | Garrison activated, responded to threat 10516 | -6/Factory | Lost 5 parts (4n1w) 11420 | -6/Factory | Core integrity fell below 50% 11482 | -6/Factory | Lost 7 parts (1p2n3u1w) 11789 | -6/Factory | Build established: Hacker-Assassin 11969 | -6/Factory | Fabricated Med. Treads (x2) 11980 | -6/Factory | Core integrity fell below 20% 12186 | -6/Factory | Identified exit to Factory 12186 | -6/Factory | Discovered exit to Factory (range 21) 12239 | -6/Factory | Build established: Hacker-Mutant 12589 | -6/Factory | Discovered exit to Lower Caves (range 22) 13000 | -6/Factory | Sucked down chute 13000 | -6/Factory | Entered Waste 13010 | -6/Waste | Spotted C-40 Crusher 13015 | -6/Waste | EMP discharged 13016 | -6/Waste | Spotted C-40 Crusher 13061 | -6/Waste | Spotted C-40 Crusher 13103 | -6/Waste | Spotted C-40 Crusher 13108 | -6/Waste | Spotted C-40 Crusher 13115 | -6/Waste | EMP discharged 13132 | -6/Waste | Spotted C-40 Crusher 13143 | -6/Waste | Crushed by Compactor (1 part destroyed, 1 dropped) 13151 | -6/Waste | Crushed by Compactor (1 part destroyed, 2 dropped) 13182 | -6/Waste | Lost 3 parts (2n1u) 13215 | -6/Waste | EMP discharged 13215 | -6/Waste | System corruption reached 10% 13262 | -6/Waste | Identified exit to Factory 13262 | -6/Waste | Discovered exit to Factory (range 11) 13272 | -6/Waste | Entered Factory 13320 | -6/Factory | Discovered exit to Factory (range 6) 13668 | -6/Factory | Spotted B-75 Beast 14117 | -6/Factory | Core destroyed Last Messages --------------- 14057_ Acquired Adv. Terrain Scan Processor. 14066_ System corrupted: Matter fused (-6). 14083_ System corrupted: Heat flow error (+245). 14085_ U-05 Engineer builds a Wall. 14102_ Nuclear Pulse Thruster+ destroyed. 14104_ Critical hit (Burn: +27). 14109_ Power failure, Imp. Deuterium Engine shutdown. 14111_ M-28 Smith repairs G-50 Soldier Lgt. Angular Momentum Engine. 14114_ System corrupted: Heat flow error (+182). 14116_ Overheating: Lyr. Medium Armor Plating damaged (-44). 14116_ Overheating: Authchip [R/NC] damaged (-3). 14116_ Overheating: Adv. Terrain Scanner damaged (-1). 14117_ Power failure, Imp. Deuterium Engine shutdown. 14117_ Overheating: Core damaged (-144). Map ----- +----------------------------------------------------+ | "" # % #???????#?#?????????????????????????? | | "" # #???#???????????????????????????????? | | "" # ##?##???????????????????????????????? | | # #???#???????????????????????????????? | | ### ###???#???????????????????????????????? | | #?# #????#??????????? ????????????????????? | | #+##?# #?#?##???#?? ???? ? ?????????????????? | | #?## #???????###? ?"""?"?? ????????????????? | | # #??# ###########? ?????"" #??????????????? | | # #??# # #? ??"" ??? ??#????????????? | | # #### # """"""" #? ? ? ?#??#???????????? | | # """"""" #???"?" ???##??????????? | | # """"""" # ????? """ ??#???#????????? | | # """"""" #? "?? ""? ?#???#?????????? | | + #?? ? R???########??????? | | # ! ] # ??? "?"?###?###????????? | | # #?? ?? ? ?###?##??##?????? | | ############?####+####??#??####?#?????? | | ?? #?###??######????? | | ?? ######?#????#????? | | ? ####??##??#??????? | | #####?####???????? | | ? ######??###??????? | | #######/################### # ? ?###????? | | ??? ????? ? #??# # # ? ? ?#?###???? | | #?? ??? ??"""##?# @# # == #####???? | | #???"? "?" ?"???## ==/ gg + == #####?#?? | | ???""" ""? R"???# ==/g#m # #####???? | | ?????? """ "??#??# ==/ # k # ??" ?#####???? | | ??????? ? ??" #??# # ^u# ?"? ?######??? | | #???"" "?"? ? ??## # # "???? #?###???? | | ???"?"?""" ? ?#### # #?? ? ###?#?#?? | | #? ""??"?" ?#### # t##?###?#?###?????? | | ???????? ???? ############# #?? ? ??#??? | | ?# ? ?? ? ####?###?#### # ?? ?? ?????? | | ?? ????? ? ?###########?# # ?? ?#??#? | | ###########?############### # ?"?? ?"? ??????? | | """" #### # # "?" "?? ? ????? | | "T"" = #### # # """ ""? ? ##??? | | ##?# """" """" # # ? ? ?+ ??? | | ##?# """" """" # #""? ?? ?? ??? | | """ #### """" """" + #"F? ?? ?? | | ! """ + + """" """" # #"? ?!] ????? | | ! """ #""# """" """" # # ? ## ?? | | ! #### """" """" # # ????? | | """ #??# """" """" # %###"#""####??????? | | """ ##?# # #???????? | | """ #??# # #???????? | | #?##] + * "##???#???? | | ### ########?############## * ###?#?????? | +----------------------------------------------------+ Best States ------------- Heat Dissipation 37 Energy Generation 32 Energy Capacity 500 Matter Stores 300 Matter Capacity 300 Sight Range 22 Robot Scan Range 15 Terrain Scan Range 20 Terrain Scan Density 210 Additional Mass Support 9 Armor Coverage 225 Resistance: KI 35 Resistance: TH 35 Resistance: EX 35 Resistance: EM 60 Resistance: I 35 Resistance: S 35 Resistance: P 35 Evasion (%) 65 Targeting Accuracy 5 Recoil Reduction 5 Salvage Targeting 1 Offensive Hacking 40 Defensive Hacking 12 Authchip Count 3 Item Schematics ----------------- Adv. Treads | -9/Recycling | Hacked Adv. System Shield | -6/Factory | Hacked Imp. Surge Thruster | -6/Factory | Scanalyzed Cld. VTOL Module | -6/Factory | Scanalyzed Med. Treads | -6/Factory | Scanalyzed Imp. System Shield | -6/Factory | Scanalyzed Angular Momentum Engine | -6/Factory | Hacked Enh. Gauss Cannon | -6/Factory | Hacked Nuclear Pulse Thruster | -6/Factory | Scanalyzed Coil Gun | -6/Factory | Hacked Robot Schematics ------------------ O-24 Administrator | -6/Factory | Hacked R-10 Processor | -6/Factory | Hacked Fabricated ------------ Med. Treads | x2 | -6/Factory Repaired ---------- Flight Unit | 65% | -10/Materials EM Pulse Gun | 28% | -10/Materials Flight Unit | 40% | -10/Materials | Corrupted Weight Redist. System | 22% | -6/Factory Med. Treads | 28% | -6/Factory Studied --------- Med. Treads | -6/Factory | Hacked Imp. Medium Treads | -6/Factory | Hacked Plasma Cutter | -6/Factory | Hacked Mining Laser | -6/Factory | Hacked Rnf. Deuterium Engine | -6/Factory | Hacked Adv. Assault Cannon | -6/Factory | Hacked Hvy. Flak Cannon | -6/Factory | Hacked Scythe | -6/Factory | Hacked Cmb. Airjet | -6/Factory | Hacked Lgt. Angular Momentum Engine | -6/Factory | Hacked Chainsword | -6/Factory | Hacked Imp. Surge Thruster | -6/Factory | Hacked Nuclear Pulse Thruster | -6/Factory | Hacked Alien Tech Used ----------------- None Achievements -------------- None Challenges ------------ None Game ------ Seed ShadingFluxHammer Manual? 0 Play Time 01:26:24 Cumulative 179.1 hours Start 2025.12.09 @ 10:06:23 End 2025.12.09 @ 11:29:39 Sessions 1 Manual Loads 0 Difficulty Explorer Special Mode None Game No. 253 Rogue 0 Adventurer 0 Explorer 253 Win Type - Total 0 Types 0/0/0/0/0/0/0/0/0/0 Lore% 70 Gallery% 67 Achievement% 53 Wizard Run 0 Options --------- Layout 1 ASCII 0 Keyboard 0 Movement Mouse Keybinds 0 Fullscreen 1 Font 24/Smallcaps Map View 50x35 Zoom Use 0% Tactical HUD 1 Map Filters NONE Filters NONE Steam 1 RUN: b864214b-9389-4301-8d88-0e79b0a5839c